 Dungeon Crawl Stone Soup version 0.28.0 (webtiles) character file.

Game seed: 15076620144097287697

91 Hasart the Skirmisher (level 4, -1/38 HPs)
             Began as a Demigod Fighter on Feb 9, 2022.
             Slain by an orc (3 damage)
             ... on level 3 of the Dungeon.
             The game lasted 00:03:01 (2272 turns).

Hasart the Skirmisher (Demigod Fighter)             Turns: 2272, Time: 00:03:02

Health: -1/38      AC:  8    Str: 17    XL:     4   Next: 12%
Magic:  6/6        EV:  9    Int: 10    God:
Gold:   62         SH:  5    Dex: 17    Spells: 3/3 levels left

rFire   . . .      SeeInvis .   a - +0 flail
rCold   . . .      Faith    .   c - +0 buckler
rNeg    . . .      Spirit   .   b - +0 scale mail
rPois   .          Reflect  .   (no helmet)
rElec   .          Harm     .   (no cloak)
rCorr   .          Rampage  .   (no gloves)
Will    .....                   i - +0 pair of boots
Stlth   ..........              (no amulet)
HPRegen 0.12/turn               (no ring)
MPRegen 0.10/turn               (no ring)

@: lethally poisoned (-1 -> -3), attractive
A: high MP 1, forlorn, divine attributes
a: no special abilities


You were on level 3 of the Dungeon.
You visited 1 branch of the dungeon, and saw 3 of its levels.

You collected 62 gold pieces.

Inventory:

Hand Weapons
 a - a +0 flail (weapon)
Armour
 b - a +0 scale mail (worn)
 c - a +0 buckler (worn)
 i - a +0 pair of boots (worn)
Jewellery
 g - a ring of fire
Scrolls
 e - a scroll of fear {unknown}
 f - 2 scrolls of identify {unknown}
 h - a scroll of blinking {unknown}
 j - a scroll of acquirement {unknown}
 k - a scroll of enchant armour {unknown}
Potions
 d - a potion of might


   Skills:
 + Level 3.3 Fighting
 + Level 2.5 Maces & Flails
 + Level 3.3 Armour
 + Level 3.3 Shields


You had 3 spell levels left.
You didn't know any spells.
Your spell library contained the following spells:

 Spells                   Type           Power      Damage    Failure   Level
 Summon Small Mammal      Summ           0%         N/A       86%         1
 Call Canine Familiar     Summ           0%         N/A       99%         3
 Summon Guardian Golem    Hex/Summ       0%         N/A       99%         3


Dungeon Overview and Level Annotations

Branches:
Dungeon (3/15)


Innate Abilities, Weirdness & Mutations

You have an increased reservoir of magic. (+10% MP)
You shall have no god before yourself.
Your divine heritage dramatically boosts your attributes as you level up.


Message History

The orc priest shouts!
You hear a shout!
An orc comes into view. It is wielding a +0 dagger.
The orc priest hits you with a +0 mace.
You closely miss the orc priest. The orc priest hits you with a +0 mace.
You sock the orc priest!
The orc priest is heavily wounded.
The orc priest closely misses you. The orc priest hits you with a +0 mace.
You barely miss the orc priest.
The orc priest is heavily wounded.
The orc priest invokes the aid of Beogh against you.
Beogh smites you!
You hit the orc priest.
The orc priest is severely wounded.
You hit the orc priest.
The orc priest is almost dead.
The orc priest hits you with a +0 mace. You block the orc's attack.
The orc priest barely misses you.
You barely miss the orc priest.
The orc priest is almost dead.
You block the orc's attack. x2
The orc priest casts a cantrip, but nothing happens.
The orc hits you from afar with a +1 trident of venom.
* * * LOW HITPOINT WARNING * * *
You are lethally poisoned!
The orc hits you but does no damage.
You sock the orc priest!
You kill the orc priest!
* * * LOW HITPOINT WARNING * * *
You feel sick. The orc barely misses you. x2
You have reached level 4!
* * * LOW HITPOINT WARNING * * *
You feel sick.
* * * LOW HITPOINT WARNING * * *
You feel sick.
Unknown command.
It was a potion of attraction.
You feel attractive to monsters.
* * * LOW HITPOINT WARNING * * *
You feel sick. The orc hits you with a +0 whip.
You die...

............# ####.#.##
#.# #########...#
#.......# #.# #
#.........###.##.####
#.# # #+######....#.##.#
#.# # #.##.#.##.# #.# #
#. #.##.#.##.#########.#
#
#.>#.##.#.##........##.#
#
..........########.....#
#......).o@......#..####
....###o#####.....).#
#... #.# ######.## #.
#o# #.# . ... #.# ...
#.# ..... #.# ..... #.#
....... #.#


You could see 2 orcs.

Vanquished Creatures
  An orc priest (D:3)
  2 dart slugs
  2 endoplasms
  2 giant cockroaches (D:1)
  9 goblins
  6 hobgoblins
  7 jackals
  3 quokkas
  5 ball pythons
  3 bats (D:2)
  6 kobolds
  2 rats (D:2)
48 creatures vanquished.

Notes
Turn   | Place    | Note
-------+----------+-------------------------------------------
     0 | D:1      | Hasart the Demigod Fighter began the quest for the Orb.
     0 | D:1      | Reached XP level 1. HP: 18/18 MP: 3/3
   212 | D:1      | Reached XP level 2. HP: 22/25 MP: 4/4
  1064 | D:2      | Reached XP level 3. HP: 24/31 MP: 5/5
  2270 | D:3      | Reached XP level 4. HP: 5/38 MP: 6/6
  2272 | D:3      | Slain by an orc

Illustrated notes

Levels and vault maps discovered:
D:1:      dpeg_arrival_round_a, layout_loops_ring,
          nicolae_ecumenical_snake_handling
D:2:      layout_basic
D:3:      layout_basic, serial_shops, shop_statue

Skill      XL: |  1  2 |
---------------+-------+-----
Maces & Flails | 2 |  2.5
Armour         | 3 |  3.3
Shields        | 3 |  3.3
Fighting       | 3 |  3.3

Action                   |  1- 3 |  4- 6 || total
-------------------------+-------+-------++-------
Melee: Flail             |   168 |       ||   168
  Use: Potion            |       |     1 ||     1
Armor: Scale mail        |    89 |       ||    89
Dodge: Dodged            |   108 |       ||   108
Block: Buckler           |    52 |       ||    52
